 Dungeon Crawl Stone Soup version 0.23.2-40-g277498a001 (webtiles) character file.

Game seed: 3844977533011048354

2291 Chudej the Destroyer (level 9, -11/45 HPs)
             Began as a Deep Elf Conjurer on Aug 27, 2019.
             Mangled by an orc warrior
             ... wielding a +4 long sword
              (24 damage)
             ... on level 6 of the Dungeon.
             The game lasted 00:14:17 (7872 turns).

Chudej the Destroyer (Deep Elf Conjurer)            Turns: 7872, Time: 00:14:18

Health: -11/45     AC:  4    Str:  5    XL:     9   Next: 17%
Magic:  12/24      EV:  9    Int: 24    God:
Gold:   257        SH:  7    Dex: 15    Spells: 13/27 levels left

rFire    x . .     SeeInvis .   y - +5 long sword of Magnificence {speed, *Rage rF- rN+ MR+++}
rCold    . . .     Gourm    .   r - +1 shield {reflect}
rNeg     + . .     Faith    .   n - +0 leather armour
rPois    .         Spirit   .   t - +0 helmet
rElec    .         Reflect  +   (no cloak)
rCorr    .         Harm     .   (no gloves)
MR       +++..     Rnd*Rage +   (no boots)
Stlth    ++........             (no amulet)
HPRegen  0.15/turn              (no ring)
MPRegen  0.19/turn              (no ring)

@: very slightly contaminated
A: no striking features
a: no special abilities


You were on level 6 of the Dungeon.
You were not hungry.

You visited 1 branch of the dungeon, and saw 6 of its levels.
You also visited: Sewer and Ossuary.

You collected 257 gold pieces.

Inventory:

Hand Weapons
 y - the +5 long sword of Magnificence (weapon) {speed, *Rage rF- rN+ MR+++}
   (You found it on level 5 of the Dungeon)

   Attacks with this weapon are significantly faster.
   It makes you vulnerable to fire.
   It protects you from negative energy.
   It affects your resistance to hostile enchantments.
   It may make you go berserk in combat.
Armour
 a - a +0 robe
 n - a +0 leather armour (worn)
 r - a +1 shield of reflection (worn)
 t - a +0 helmet (worn)
Jewellery
 p - an uncursed amulet of guardian spirit
Wands
 m - a wand of paralysis (6)
 o - a wand of random effects (8)
 u - a wand of digging (4)
Scrolls
 b - 6 scrolls of teleportation
 e - 9 scrolls of identify
 h - 2 scrolls of remove curse
 i - a scroll of fear
 j - 3 scrolls of enchant weapon
 x - a scroll of noise {unknown}
 B - a scroll of blinking {unknown}
Potions
 d - 2 potions of agility {unknown}
 f - 5 potions of heal wounds {unknown}
 g - a potion of lignification {unknown}
 k - 5 potions of haste {unknown}
 l - 3 potions of degeneration {unknown}
 q - 3 potions of curing {unknown}
 s - a potion of brilliance {unknown}
 w - a potion of cancellation {unknown}
 z - 5 potions of flight {unknown}
 A - a potion of invisibility {unknown}
 C - a potion of magic {unknown}
Comestibles
 c - 6 rations


   Skills:
 - Level 2.4 Dodging
 - Level 2.4 Stealth
 * Level 9.7 Spellcasting
 - Level 10.2 Conjurations
 + Level 6.7 Hexes


You had 13 spell levels left.
You knew the following spells:

 Your Spells              Type           Power        Failure   Level  Hunger
a - Magic Dart            Conj           ####         1%          1    None
b - Searing Ray           Conj           ######       1%          2    None
c - Dazzling Spray        Conj/Hex       ######       6%          3    None
d - Iskenderun's Mystic   Conj           ######..     10%         4    #......
e - Fulminant Prism       Conj/Hex       ######....   19%         4    #......

Your spell library contained the following spells:

 Spells                   Type           Power        Failure   Level  Hunger
 Force Lance              Conj/Tloc      #####...     61%         4    #......


Dungeon Overview and Level Annotations

Branches:
Dungeon (6/15)
 Temple: D:4-7

Altars:
Elyvilon
Gozag
Kikubaaqudgha
Qazlal
Ru
Yredelemnul

Shops:
D:4 (


Message History

You smell something strange.
An orc wizard comes into view. It is wielding a +0 dagger.
Casting: Iskenderun's Mystic Blast (safe; 10% risk of failure)
Confirm with . or Enter, or press ? or * to list all spells.
Aiming: Iskenderun's Mystic Blast (safe; 10% risk of failure)
Press: ? - help, Shift-Dir - straight line, f/p - orc warrior
Aim: an orc warrior, wielding a +4 long sword and wearing a +0 plate armour The orb of energy hits the orc warrior!
The orc warrior is moderately wounded.
You block the orc warrior's attack.
Casting: Iskenderun's Mystic Blast (safe; 10% risk of failure)
Confirm with . or Enter, or press ? or * to list all spells.
Aiming: Dazzling Spray (safe; 6% risk of failure)
Press: ? - help, Shift-Dir - straight line, f/p - orc warrior
Aim: an orc warrior, wielding a +4 long sword and wearing a +0 plate armour (moderately wounded)
The spray of energy hits the orc warrior but does no damage.
The orc warrior is moderately wounded.
The orc warrior hits you with a +4 long sword!!
Ouch! That really hurt!
You die...

###### #### ### ### .....#
..# #.. ..# .....#
#.#####.#o#.# #.# .....#
#......)..#.# #.#
.....#############o####.###.#
.....#..........##..........#
#..###.##...###.##.o###.#####
##.###.##.<.....@oo.# #.#
...............>###.# #.#
###.##.........<..#.# #.# #
#.#########.###.#.# #.# #
#...............#.# #.# #
#.#########.#.#.#.# #.# # #.#
#.#.#.#.# #.# # #.# #.#...#.#
#.# ###.#########.#####.# #.#


You could see an orc warrior, an orc wizard and an orc.

Vanquished Creatures
  A black bear (D:6)
  A sky beast (D:5)
  An ice beast (D:5)
  2 ogres
  A centaur (D:5)
  A big kobold (Sewer)
  11 scorpions
  A howler monkey (D:6)
  5 centaur zombies
  2 crimson imps (D:5)
  2 bullfrog zombies (D:5)
  2 hounds (D:6)
  2 human zombies (Ossuary)
  3 orc wizards
  7 orc priests
  2 jellies
  An iguana (D:6)
  3 worker ants
  A big kobold zombie (Ossuary)
  3 mummies (Ossuary)
  A river rat (Sewer)
  3 adders
  3 gnolls (D:2)
  A scorpion zombie (Ossuary)
  2 shadow imps
  An ooze (D:1)
  5 worms (D:3)
  2 dart slugs (D:1)
  2 leopard geckos
  22 orcs
  7 bats
  8 giant cockroaches
  4 gnoll zombies (Ossuary)
  8 goblins
  7 hobgoblins
  7 jackals
  A quokka (D:2)
  A ball python (D:2)
  A frilled lizard (D:5)
  A giant cockroach zombie (D:5)
  2 goblin zombies (Ossuary)
  2 hobgoblin zombies (Ossuary)
  13 kobolds
  A kobold zombie (Ossuary)
  2 leopard gecko skeletons
  2 orc zombies (Ossuary)
  9 rats
170 creatures vanquished.

Vanquished Creatures (others)
  A goblin zombie (Ossuary)
  5 fulminant prisms
6 creatures vanquished.

Grand Total: 176 creatures vanquished

Notes
Turn   | Place    | Note
-------+----------+-------------------------------------------
     0 | D:1      | Chudej the Deep Elf Conjurer began the quest for the Orb.
     0 | D:1      | Reached XP level 1. HP: 10/10 MP: 6/6
   234 | D:1      | Reached XP level 2. HP: 15/15 MP: 5/8
   238 | D:1      | Learned a level 2 spell: Searing Ray
   745 | D:1      | Reached XP level 3. HP: 19/19 MP: 7/10
  1278 | D:2      | Reached skill level 5 in Spellcasting
  1306 | D:2      | Reached skill level 5 in Conjurations
  1306 | D:2      | Reached XP level 4. HP: 16/24 MP: 5/13
  1612 | D:2      | Found an ancient bone altar of Kikubaaqudgha.
  1622 | D:2      | Found a stormy altar of Qazlal.
  1739 | D:2      | Found a faded altar of an unknown god.
  2321 | D:3      | Reached XP level 5. HP: 28/28 MP: 9/15
  2830 | D:3      | Found a sacrificial altar of Ru.
  3122 | D:4      | Reached XP level 6. HP: 11/32 MP: 9/18
  3438 | D:4      | Found Wungop's Weapon Emporium.
  3776 | D:5      | Entered Level 5 of the Dungeon
  3784 | D:5      | Learned a level 3 spell: Dazzling Spray
  3789 | D:5      | Learned a level 4 spell: Iskenderun's Mystic Blast
  3809 | D:5      | Reached skill level 6 in Conjurations
  3854 | D:5      | Noticed an ice beast
  3858 | D:5      | Killed an ice beast
  3968 | D:5      | Noticed a sky beast
  3974 | D:5      | Killed a sky beast
  3974 | D:5      | Reached XP level 7. HP: 26/36 MP: 3/21
  3976 | D:5      | Found a sand-covered staircase.
  4150 | Ossuary  | Entered an ossuary
  4456 | Ossuary  | Learned a level 4 spell: Fulminant Prism
  4491 | Ossuary  | Reached skill level 7 in Conjurations
  4491 | Ossuary  | Reached skill level 1 in Hexes
  5004 | Ossuary  | Reached XP level 8. HP: 34/41 MP: 10/23
  5277 | Ossuary  | Reached skill level 8 in Conjurations
  6170 | D:5      | Got a polished long sword
  6171 | D:5      | Identified the +5 long sword of Magnificence {speed, *Rage
                  | rF- rN+ MR+++} (You found it on level 5 of the Dungeon)
  6336 | D:5      | Reached skill level 9 in Conjurations
  6433 | D:5      | Reached skill level 5 in Hexes
  6906 | D:6      | Found a white marble altar of Elyvilon.
  6923 | D:6      | Found an opulent altar of Gozag.
  6976 | D:6      | Reached skill level 10 in Conjurations
  7018 | D:6      | Reached XP level 9. HP: 31/45 MP: 2/24
  7193 | D:6      | Found a basalt altar of Yredelemnul.
  7224 | D:6      | Found a glowing drain.
  7235 | Sewer    | Entered a sewer
  7389 | Sewer    | Found a white marble altar of Elyvilon.
  7508 | D:6      | Identified a scroll of acquirement
  7872 | D:6      | Mangled by an orc warrior

Skill      XL: |  1  2  3  4  5  6  7  8 |
---------------+-------------------------+-----
Spellcasting   | 4 5 6 7 8 9 |  9.7
Conjurations   | 5 6 7 10 | 10.2
Hexes          | 3 6 |  6.7
Dodging        | |  2.4
Stealth        | |  2.4

Action                   |  1- 3 |  4- 6 |  7- 9 || total
-------------------------+-------+-------+-------++-------
Melee: Long sword        |       |       |    21 ||    21
 Cast: Magic Dart        |    64 |    98 |   102 ||   264
       Searing Ray       |     2 |    17 |    37 ||    56
       Iskenderun's Myst |       |     3 |    10 ||    13
       Fulminant Prism   |       |       |     5 ||     5
       Dazzling Spray    |       |       |     2 ||     2
  Use: Scroll            |       |       |     8 ||     8
  Eat: Chunk             |     1 |     8 |     6 ||    15
       Ration            |       |       |     2 ||     2
Armor: Leather armour    |       |     1 |    11 ||    12
Dodge: Dodged            |     6 |    14 |    36 ||    56
Block: Shield            |       |       |     2 ||     2
       Rpst.: Long sword |       |       |     7 ||     7
